 Dungeon Crawl Stone Soup version 0.32-a0-913-g739538afd8 (webtiles) character file.

Game seed: 17020420219639599505

466 uglyjohn the Shooter (level 6, 0/55 HPs)
             Began as a Minotaur Hunter on Apr 8, 2024.
             Incinerated by a bombardier beetle (5 damage)
             ... with a burning spray
             ... on level 4 of the Dungeon.
             The game lasted 00:05:57 (1711 turns).

uglyjohn the Shooter (Minotaur Hunter)              Turns: 1711, Time: 00:05:58

Health: 0/55       AC:  9    Str: 15    XL:     6   Next: 81%
Magic:  5/5        EV:  7    Int:  6    God:
Gold:   53         SH:  0    Dex: 16    Spells: 5/5 levels left

rFire   . . .        a - +0 shortbow
rCold   . . .        (shield currently unavailable)
rNeg    . . .        l - +0 chain mail
rPois   .            (helmet restricted)
rElec   .            (no cloak)
rCorr   .            (no gloves)
SInv    .            (no boots)
Will    .....        (no amulet) Stlth
                     (no ring)
HPRegen 0.29/turn    (no ring)
MPRegen 0.09/turn

%: no passive effects
@: on fire, glowing
A: horns 2, retaliatory headbutt
a: no special abilities


You were on level 4 of the Dungeon.
You visited 1 branch of the dungeon, and saw 3 of its levels.

You collected 53 gold pieces.

Inventory:

Hand Weapons
 a - a +0 shortbow (weapon)
Armour
 c - a +0 leather armour
 j - a +0 ring mail
 l - a +0 chain mail (worn)
Jewellery
 n - a +6 ring of strength
Scrolls
 b - a scroll of butterflies
 d - a scroll of blinking {unknown}
 e - 3 scrolls of identify {unknown}
 f - a scroll of acquirement {unknown}
 g - 2 scrolls of immolation {unknown}
 i - a scroll of revelation {unknown}
 k - a scroll of poison {unknown}
Potions
 h - 2 potions of enlightenment {unknown}
 m - a potion of heal wounds {unknown}


   Skills:
 + Level 4.8 Fighting
 * Level 7.1 Ranged Weapons
 + Level 4.0 Armour
 - Level 2.1 Dodging
 - Level 0.7 Stealth


You had 5 spell levels left.
You didn't know any spells.
Your spell library contained the following spells:

 Spells                   Type           Power      Damage    Failure   Level
 Slow                     Hex            0%         N/A       100%        1
 Ensorcelled Hibernation  Hex/Ice        0%         N/A       100%        2
 Confusing Touch          Hex            0%         N/A       100%        3
 Passwall                 Erth           0%         N/A       100%        3
 Swiftness                Air            0%         N/A       100%        3
 Vampiric Draining        Necr           0%         2d6       100%        3


Dungeon Overview and Level Annotations

Branches:
Dungeon (2/15)

Altars:

Shops:
D:2 *


Innate Abilities, Weirdness & Mutations

You have a pair of horns on your head.
You reflexively headbutt those who attack you in melee.


Message History

The bombardier beetle is heavily wounded.
The liquid fire burns you!
You shoot an arrow.
The arrow closely misses the bombardier beetle.
The liquid fire burns you!
You shoot an arrow.
The arrow hits the bombardier beetle but does no damage.
The bombardier beetle is heavily wounded.
The liquid fire burns you!
You shoot an arrow.
The arrow hits the bombardier beetle but does no damage.
The bombardier beetle is heavily wounded.
The liquid fire burns you!
You shoot an arrow. The arrow hits the bombardier beetle.
The bombardier beetle is severely wounded.
The liquid fire burns you!
The bombardier beetle completely misses you.
You are too injured to fight recklessly!
You are too injured to fight recklessly!
You are too injured to fight recklessly!
You shoot an arrow.
The arrow hits the bombardier beetle but does no damage.
The bombardier beetle is severely wounded.
The liquid fire burns you!
The bombardier beetle bites you but does no damage.
You shoot an arrow. The arrow hits the bombardier beetle.
You kill the bombardier beetle!
The liquid fire burns you!
* * * LOW HITPOINT WARNING * * *
Your Armour skill increases to level 4!
You shake off some of the fire as you move.
The liquid fire burns you!
* * * LOW HITPOINT WARNING * * *
You see here a bombardier beetle corpse.
You shake off some of the fire as you move.
The liquid fire burns you!
* * * LOW HITPOINT WARNING * * *
You shake off some of the fire as you move.
The liquid fire burns you!
You die...

#.# #.# #.# #.########
##........########
.########.##.....# .. #.##.....#
#.######.##...).####
#####.........†.@....... ...
...#####.##.....####
######.#####.##.....#
...........#.########
######.##....# # #...##....#
##.####....#
###..#####.#.##############
..)>......................######


There were no monsters in sight!

Vanquished Creatures
  Sigmund (D:4)
  A black bear (D:4)
  A bombardier beetle (D:4)
  A hound (D:4)
  A sleepcap (D:4)
  An iguana (D:4)
  4 adders
  2 dart slugs
  An orc (D:4)
  6 endoplasms
  3 giant cockroaches
  8 goblins
  A hobgoblin (D:2)
  4 jackals
  2 ball pythons
  7 bats
  4 frilled lizards
  7 kobolds
  9 rats
64 creatures vanquished.

Notes
Turn   | Place    | Note
-------+----------+-------------------------------------------
     0 | D:1      | uglyjohn the Minotaur Hunter began the quest for the Orb.
     0 | D:1      | Reached XP level 1. HP: 18/18 MP: 0/0
    92 | D:1      | Reached XP level 2. HP: 25/25 MP: 1/1
   182 | D:1      | Reached skill level 1 in Armour
   300 | D:1      | Reached skill level 5 in Ranged Weapons
   426 | D:1      | Reached XP level 3. HP: 31/31 MP: 2/2
   915 | D:2      | Found a faded altar of an unknown god.
   943 | D:2      | HP: 1/31 [dart slug/slug dart (6)]
  1079 | D:2      | Found Utuitu Agge's Assorted Antiques.
  1171 | D:2      | You fall into a shaft and drop 2 floors!
  1204 | D:4      | Reached XP level 4. HP: 28/38 MP: 3/3
  1441 | D:4      | Reached XP level 5. HP: 46/46 MP: 4/4
  1446 | D:4      | Noticed Sigmund
  1453 | D:4      | Noticed a black bear
  1454 | D:4      | Killed Sigmund
  1455 | D:4      | Reached skill level 6 in Ranged Weapons
  1455 | D:4      | Reached XP level 6. HP: 47/53 MP: 5/5
  1539 | D:4      | Reached skill level 7 in Ranged Weapons
  1711 | D:4      | Incinerated by a bombardier beetle

Illustrated notes

Levels and vault maps discovered:
D:1:      saegor_arrival_simple_a, layout_loops_cross
D:2:      layout_basic, serial_shops, shop_fountains,
          ebering_ecumenical_altar_webs, kennysheep_generic_room_7
D:4:      kennysheep_goblin_castle, layout_basic, uniq_sigmund

Skill      XL: |  1  2  3  4  5  6 |
---------------+-------------------+-----
Armour         | 1 2 3 4 |  4.0
Ranged Weapons | 5 6 7 |  7.1
Fighting       | 3 4 |  4.8
Dodging        | |  2.1
Stealth        | |  0.7

Action                     |  1- 3 |  4- 6 || total
---------------------------+-------+-------++-------
   Fire: Shortbow          |   136 |    66 ||   202
 Armour: Leather armour    |    17 |       ||    17
         Chain mail        |    32 |    46 ||    78
         Ring mail         |     4 |       ||     4
  Dodge: Dodged            |    30 |    12 ||    42

Table legend: (Time is in decaauts)
 A = Elapsed time spent in this place.
 B = Non-inter-level travel time spent in this place.
 C = Inter-level travel time spent in this place.
 D = Time resting spent in this place.
 E = Time spent auto-exploring this place.
 F = Levels seen in this place.
 G = Mean time per level.
                   A        B        C        D        E       F      G
               +--------+--------+--------+--------+--------+-----+--------+
         Total |   1787 |   1755 |     32 |    165 |   1145 |   3 |  595.7 |
       Dungeon |   1787 |   1755 |     32 |    165 |   1145 |   3 |  595.7 |
               +--------+--------+--------+--------+--------+-----+--------+

Top non-repeatable levels by time:
     D:1: 745 daAuts
     D:4: 576 daAuts
     D:2: 465 daAuts
